 Dungeon Crawl Stone Soup version 0.24.0-123-gd5b16e6ec5 (webtiles) character file.

Game seed: 12630327660397039594, levelgen mode: deterministic

14360 Curus the Cruncher (level 11, -2/90 HPs)
             Began as a Demonspawn Gladiator on Jan 27, 2020.
             Was a High Priest of Okawaru.
             Slain by a four-headed hydra (7 damage)
             ... on level 4 of the Lair of Beasts.
             The game lasted 00:42:43 (10925 turns).

Curus the Cruncher (Demonspawn Gladiator)          Turns: 10925, Time: 00:42:44

Health: -2/90      AC: 10    Str: 14    XL:     11   Next: 87%
Magic:  11/11      EV: 19    Int:  9    God:    Okawaru [*****.]
Gold:   450        SH:  0    Dex: 19    Spells: 10/10 levels left

rFire    . . .     SeeInvis .   a - +3 quarterstaff
rCold    . . .     Gourm    .   (shield currently unavailable)
rNeg     . . .     Faith    .   b - +1 leather armour
rPois    .         Spirit   .   i - +1 hat {MR+}
rElec    .         Reflect  .   (no cloak)
rCorr    +         Harm     .   r - +0 pair of gloves
MR       ++...                  p - +0 pair of boots
Stlth    +.........             k - amulet of regeneration
HPRegen  0.65/turn              t - ring of resist corrosion
MPRegen  0.12/turn              (no ring)

@: no status effects
A: hooves 2, horns 1, molten scales 2, magic resistance 1, powered by death 2,
powered by pain 1
a: Heroism, Finesse, Renounce Religion


You were on level 4 of the Lair of Beasts.
You worshipped Okawaru.
Okawaru was extremely pleased with you.
You were very hungry.

You visited 2 branches of the dungeon, and saw 12 of its levels.
You also visited: Sewer.

You collected 675 gold pieces.
You spent 225 gold pieces at shops.

Inventory:

Hand Weapons
 a - a +3 quarterstaff (weapon)
Armour
 b - a +1 leather armour (worn)
 c - a +0 helmet
 i - a +1 hat of magic resistance (worn)
 p - a +0 pair of boots (worn)
 r - a +0 pair of gloves (worn)
 u - the +1 ring mail of the Demon Prince {rF+++ rN+ Dex-5}
   (You bought it in a shop on level 8 of the Dungeon)

   It affects your dexterity (-5).
   It renders you almost immune to fire.
   It protects you from negative energy.
 w - a +0 hat of magic resistance
Jewellery
 e - an uncursed amulet of harm
 k - an amulet of regeneration (around neck)
 t - a ring of resist corrosion (left hand)
Wands
 n - a wand of digging (7)
 q - a wand of disintegration (26)
Scrolls
 g - 4 scrolls of remove curse
 h - 7 scrolls of identify
 l - 3 scrolls of fear
 o - a scroll of blinking
 s - a scroll of holy word
 y - 2 scrolls of teleportation
Potions
 j - a potion of curing
 m - 2 potions of brilliance
 v - a potion of haste
Miscellaneous
 x - a fan of gales
Comestibles
 f - 10 rations


   Skills:
 + Level 9.9 Fighting
 - Level 12.7 Staves
 - Level 1.7 Throwing
 + Level 9.3 Dodging


You had 10 spell levels left.
You didn't know any spells.
Your spell library contained the following spells:

 Spells                   Type           Power        Failure   Level  Hunger
 Animate Skeleton         Necr           N/A          45%         1    ##.....
 Apportation              Tloc           #.....       45%         1    ##.....
 Confusing Touch          Hex            #.....       45%         1    ##.....
 Corona                   Hex            #......      45%         1    ##.....
 Summon Small Mammal      Summ           #...         45%         1    ##.....
 Blink                    Tloc           N/A          61%         2    ###....
 Corpse Rot               Necr           N/A          61%         2    ###....
 Ensorcelled Hibernation  Hex/Ice        #.....       61%         2    ###....
 Shroud of Golubria       Chrm/Tloc      #.....       61%         2    ###....
 Sublimation of Blood     Necr           #.........   61%         2    ###....
 Confuse                  Hex            #.......     83%         3    ####...
 Dazzling Spray           Conj/Hex       #.....       83%         3    ####...
 Gell's Gravitas          Tloc           #.........   83%         3    ####...
 Lesser Beckoning         Tloc           #.........   83%         3    ####...
 Teleport Other           Tloc           #.......     83%         3    ####...
 Tukima's Dance           Hex            #.......     83%         3    ####...
 Passage of Golubria      Tloc           N/A          99%         4    #####..
 Petrify                  Tmut/Erth      #.......     99%         4    #####..
 Agony                    Necr           #.......     100%        5    ######.
 Bolt of Draining         Conj/Necr      #.........   100%        5    ######.
 Dispel Undead            Necr           #.......     100%        5    ######.
 Excruciating Wounds      Chrm/Necr      #.........   100%        5    ######.
 Metabolic Englaciation   Hex/Ice        #.........   100%        5    ######.
 Yara's Violent Unravell  Hex/Tmut       #.........   100%        5    ######.


Dungeon Overview and Level Annotations

Branches:
Dungeon (8/15)             Temple (0/1) D:4            Lair (4/6) D:8
  Swamp (0/4) Lair:4        Snake (0/4) Lair:4        Sewer (visited)

Altars:
Cheibriados
Okawaru
Trog

Shops:
D:4 :   D:8 [

Annotations:
Lair:3 Snorg
Lair:4 3 runed translucent doors, McKennaii's ghost, journeyman DrCj


Innate Abilities, Weirdness & Mutations

You have hoof-like feet.
You are mostly covered in molten scales. (AC +3)
You regenerate health from kills.
You sometimes gain a little power by taking damage.
You have a pair of small horns on your head.
You are resistant to hostile enchantments. (MR+)


Message History

The four-headed hydra bites you but does no damage.
The four-headed hydra misses you. The four-headed hydra bites you!
The four-headed hydra completely misses you.
You sock the four-headed hydra!
The four-headed hydra is heavily wounded.
The four-headed hydra bites you. The four-headed hydra bites you!
* * * LOW HITPOINT WARNING * * *
The four-headed hydra bites you!
* * * LOW HITPOINT WARNING * * *
The four-headed hydra barely misses you.
Throwing (i - inventory)
d - a throwing net (quivered)
Press: ? - help, Shift-Dir - straight line, f - four-headed hydra
Aim: a four-headed hydra (heavily wounded)
You throw a throwing net.
The throwing net barely misses the four-headed hydra.
You hear a splash.
The four-headed hydra completely misses you.
The four-headed hydra barely misses you.
The four-headed hydra bites you!
You die...

#### ### #♣♣♣ ♣#♣ ### #
#..###.##♣≈≈♣♣≈..♣.P#.##
........♣♣♣≈≈≈♣♣♣.......
.[.....♣≈♣≈≈≈§≈.D♣......
#...P..♣≈≈≈≈§§≈≈@..#
....#P+♣≈§≈§§§§≈♣♣♣#
#...##..♣≈§§§§.§≈?#
#...#..♣♣♣§§§§≈♣♣♣#
#...#...♣♣§§§§♣♣
#...##...§♣♣≈♣♣♣.#
#...#.....♣≈.....#
....†##..+≈#.....#
.....#P+#.##......


You could see a four-headed hydra.

Vanquished Creatures
  2 hydras
  4 death yaks (Lair:1)
  Joseph (D:7)
  3 black mambas
  3 spiny frogs
  3 komodo dragons
  A polar bear (Lair:4)
  A hippogriff (Lair:4)
  Sigmund (D:3)
  9 yaks
  2 wyverns
  3 vampire mosquitoes (Lair:4)
  A basilisk (Lair:3)
  3 water moccasins
  6 porcupines
  3 orc warriors
  3 sky beasts (D:7)
  A black bear (D:8)
  2 ogres
  Blork the orc (D:5)
  6 crocodiles
  13 bullfrogs
  2 scorpions
  A water moccasin skeleton (D:5)
  5 wights (D:6)
  5 killer bees (D:8)
  An electric eel (Lair:4)
  2 bullfrog zombies (D:6)
  A crimson imp (D:8)
  3 hounds
  A centaur zombie (D:8)
  4 orc priests
  2 bullfrog skeletons
  3 jellies
  10 orc wizards
  Jessica (D:2)
  Terence (D:2)
  2 iguanas
  3 worker ants
  Natasha (twice) (D:2)
  Ijyb (D:5)
  3 hound skeletons
  Robin (D:3)
  13 adders
  9 oozes (Sewer)
  An adder skeleton (D:6)
  An adder zombie (D:5)
  A worm (D:5)
  2 dart slugs
  14 leopard geckos
  19 orcs
  8 bats
  16 giant cockroaches
  15 goblins
  10 hobgoblins
  10 jackals
  2 quokkas
  19 ball pythons
  16 frilled lizards
  A jackal zombie (D:6)
  8 kobolds
  13 rats
  A plant (D:1)
305 creatures vanquished.

Vanquished Creatures (others)
  A wizard (D:4)
  7 fungi
  3 plants
11 creatures vanquished.

Grand Total: 316 creatures vanquished

Notes
Turn   | Place    | Note
-------+----------+-------------------------------------------
     0 | D:1      | Curus the Demonspawn Gladiator began the quest for the Orb.
     0 | D:1      | Reached XP level 1. HP: 16/16 MP: 1/1
    97 | D:1      | Reached skill level 3 in Staves
   147 | D:1      | Gained mutation: You regenerate a little health from kills.
                  | [demonic ancestry]
   147 | D:1      | Reached XP level 2. HP: 21/22 MP: 2/2
   605 | D:1      | Reached XP level 3. HP: 27/27 MP: 3/3
   940 | D:2      | Reached skill level 4 in Staves
   988 | D:2      | Noticed Jessica
   995 | D:2      | Killed Jessica
   995 | D:2      | Gained mutation: You are partially covered in molten
                  | scales. (AC +2) [demonic ancestry]
   995 | D:2      | Reached XP level 4. HP: 27/33 MP: 4/4
  1057 | D:2      | Noticed Natasha
  1063 | D:2      | Killed Natasha
  1101 | D:2      | Noticed Terence
  1112 | D:2      | Killed Terence
  1112 | D:2      | Reached skill level 5 in Staves
  1197 | D:2      | Gained mutation: You have a pair of small horns on your
                  | head. [potion of mutation]
  1197 | D:2      | Gained mutation: You are resistant to hostile enchantments.
                  | (MR+) [potion of mutation]
  1291 | D:2      | Noticed Natasha
  1297 | D:2      | Killed Natasha
  1297 | D:2      | Gained mutation: You sometimes gain a little power by
                  | taking damage. [demonic ancestry]
  1297 | D:2      | Reached XP level 5. HP: 24/38 MP: 5/5
  1948 | D:3      | Noticed Robin
  1961 | D:3      | Killed Robin
  1961 | D:3      | Reached skill level 6 in Staves
  1999 | D:3      | Found an iron altar of Okawaru.
  2008 | D:3      | Became a worshipper of Warmaster Okawaru
  2016 | D:3      | Noticed Sigmund
  2028 | D:3      | Killed Sigmund
  2028 | D:3      | Gained mutation: You have large cloven feet. [demonic
                  | ancestry]
  2028 | D:3      | Reached XP level 6. HP: 28/44 MP: 6/6
  2461 | D:3      | Reached skill level 7 in Staves
  2958 | D:4      | Found a glowing drain.
  2975 | Sewer    | Entered a sewer
  2994 | Sewer    | Gained mutation: You are mostly covered in molten scales.
                  | (AC +3) [demonic ancestry]
  2994 | Sewer    | Reached XP level 7. HP: 50/50 MP: 7/7
  3263 | Sewer    | Reached * piety under Okawaru
  3273 | Sewer    | Reached skill level 8 in Staves
  3449 | D:4      | Found Hicas's Book Shop.
  3662 | D:4      | Found a bloodstained altar of Trog.
  3665 | D:4      | Noticed a wizard
  3671 | D:4      | Killed a wizard
  3747 | D:4      | Found a staircase to the Ecumenical Temple.
  3825 | D:4      | Reached skill level 9 in Staves
  3825 | D:4      | Gained mutation: You regenerate health from kills. [demonic
                  | ancestry]
  3825 | D:4      | Reached XP level 8. HP: 56/56 MP: 8/8
  3960 | D:5      | Entered Level 5 of the Dungeon
  3962 | D:5      | Noticed Ijyb
  3979 | D:5      | Killed Ijyb
  4056 | D:5      | Noticed Blork the orc
  4062 | D:5      | Killed Blork the orc
  4393 | D:5      | Reached ** piety under Okawaru
  4762 | D:6      | Reached skill level 10 in Staves
  5525 | D:6      | Reached skill level 11 in Staves
  5525 | D:6      | Gained mutation: You have hoof-like feet. [demonic
                  | ancestry]
  5525 | D:6      | Reached XP level 9. HP: 57/61 MP: 9/9
  6242 | D:7      | Noticed Joseph
  6260 | D:7      | Killed Joseph
  6260 | D:7      | Reached *** piety under Okawaru
  6464 | D:7      | Reached skill level 12 in Staves
  6662 | D:7      | Found a snail-covered altar of Cheibriados.
  6867 | D:8      | Found Mutebabb's Antique Armour Shop.
  6938 | D:8      | Bought a dazzling ring mail for 225 gold pieces
  6948 | D:8      | Identified the cursed +1 ring mail of the Demon Prince
                  | {rF+++ rN+ Dex-5} (You bought it in a shop on level 8 of
                  | the Dungeon)
  6966 | D:8      | Found a staircase to the Lair.
  6980 | Lair:1   | Entered Level 1 of the Lair of Beasts
  7012 | Lair:1   | Reached **** piety under Okawaru
  7104 | Lair:1   | Noticed a spiny frog
  7107 | Lair:1   | Noticed a spiny frog
  7112 | Lair:1   | Noticed a komodo dragon
  7120 | Lair:1   | Killed a spiny frog
  7127 | Lair:1   | Killed a spiny frog
  7127 | Lair:1   | Reached XP level 10. HP: 11/70 MP: 10/10
  7142 | Lair:1   | HP: 3/71 [poisoned by a spiny frog]
  7147 | Lair:1   | HP: 2/71 [poisoned by a spiny frog]
  7152 | Lair:1   | HP: 2/71 [poisoned by a spiny frog]
  7157 | Lair:1   | HP: 3/71 [poisoned by a spiny frog]
  7512 | Lair:1   | Noticed a five-headed hydra
  7528 | Lair:1   | Killed a five-headed hydra
  7528 | Lair:1   | Reached skill level 5 in Fighting
  7528 | Lair:1   | Reached skill level 5 in Dodging
  7755 | Lair:1   | Noticed a black mamba
  7763 | Lair:1   | Killed a black mamba
  7763 | Lair:1   | Reached ***** piety under Okawaru
  8141 | Lair:2   | Noticed a death yak
  8141 | Lair:2   | Noticed a death yak
  8141 | Lair:2   | Noticed a death yak
  8201 | Lair:1   | Killed a death yak
  8201 | Lair:1   | Received a gift from Okawaru
  8453 | Lair:2   | Reached XP level 11. HP: 62/84 MP: 11/11
  8722 | Lair:2   | Noticed a death yak
  8724 | Lair:2   | Noticed a death yak
  8763 | Lair:1   | Killed a death yak
  8771 | Lair:1   | Killed a death yak
  8848 | Lair:2   | Noticed a death yak
  8883 | Lair:1   | Killed a death yak
  9190 | Lair:3   | HP: 4/87 [poisoned by a black mamba]
  9196 | Lair:3   | HP: 3/87 [poisoned by a black mamba]
  9201 | Lair:3   | HP: 4/87 [poisoned by a black mamba]
  9386 | Lair:3   | Noticed Snorg
  9798 | Lair:3   | Noticed a four-headed hydra
  9829 | Lair:3   | Killed a four-headed hydra
 10291 | Lair:4   | Found a runed translucent gate.
 10291 | Lair:4   | Found a runed translucent gate.
 10291 | Lair:4   | Found a runed translucent gate.
 10293 | Lair:4   | Noticed a 12-headed hydra
 10293 | Lair:4   | Noticed an 11-headed hydra
 10293 | Lair:4   | Noticed McKennaii's ghost (journeyman DrCj)
 10465 | Lair:4   | Received a gift from Okawaru
 10574 | Lair:4   | Found a staircase to the Snake Pit.
 10590 | Lair:4   | Noticed a catoblepas
 10906 | Lair:4   | Found a staircase to the Swamp.
 10916 | Lair:4   | Noticed a four-headed hydra
 10925 | Lair:4   | Slain by a four-headed hydra

Levels and vault maps discovered:
D:1:      ncdulo_halloftheorcs, layout_loops_ring, serial_forest,
          infiniplex_forest_end_1, infiniplex_forest_clump_tiny,
          infiniplex_forest_end_3, infiniplex_forest_end_3
D:2:      layout_loops_corners, chequers_avenue, minmay_tetromino_l2,
          uniq_jessica, uniq_terence, uniq_natasha
D:3:      minmay_wonky_spiral, layout_loops_corners,
          kennysheep_okawaru_gauntlet, uniq_sigmund, uniq_robin
D:4:      minmay_angry_zag, layout_loops_cross, minmay_temple_entry_fiery,
          portal_sewer_entry_f, serial_shops, shop, trog_wizard
D:5:      layout_loops_ring, first_ration, minmay_misc_feat_chi,
          kennysheep_boxes, uniq_blork_the_orc, uniq_ijyb
D:6:      layout_basic
D:7:      layout_basic, lemuel_doored_altar, uniq_joseph
D:8:      layout_rooms, nicolae_overflow_hidden_temple,
          grunt_temple_overflow_open, dpeg_oklobed_lair, serial_shops, shop,
          grunt_pizzeria, uniq_psyche
Lair:1:   layout_loops_ring, infiniplex_staircase_pool
Lair:2:   layout_gridlike, infiniplex_staircase_pool_2
Lair:3:   layout_roguey, uniq_snorg
Lair:4:   layout_regular_city, minmay_swamp_entry_swarm, dummy_snake_entry,
          gammafunk_ghost_hydra_chop

Skill      XL: |  1  2  3  4  5  6  7  8  9 10 11 |
---------------+----------------------------------+-----
Staves         | 3 4 5 6 7 9 11 12 | 12.7
Dodging        | 3 6 9 |  9.3
Fighting       | 3 7 9 |  9.9
Throwing       | |  1.7

Action                   |  1- 3 |  4- 6 |  7- 9 | 10-12 || total
-------------------------+-------+-------+-------+-------++-------
Melee: Quarterstaff      |   118 |   161 |   489 |   408 ||  1176
       Headbutt          |       |    21 |    85 |    96 ||   202
       Kick              |       |    14 |    61 |       ||    75
Throw: Throwing net      |       |       |     2 |     6 ||     8
Invok: Heroism           |       |       |     2 |     3 ||     5
Evoke: Wand              |       |       |       |     2 ||     2
  Use: Scroll            |     2 |     8 |     4 |     3 ||    17
       Potion            |     2 |     3 |       |     3 ||     8
 Stab: Sleeping          |     1 |     2 |     1 |     2 ||     6
       Held in net/web   |       |       |     2 |     2 ||     4
  Eat: Chunk             |       |     7 |    10 |     1 ||    18
       Ration            |       |       |     1 |     3 ||     4
Armor: Leather armour    |    23 |    36 |   121 |    49 ||   229
       Ring mail         |       |       |     5 |    12 ||    17
Dodge: Dodged            |    64 |    81 |   276 |   249 ||   670
